 Dungeon Crawl Stone Soup version 0.23-a0-79-gaa8cc03 (webtiles) character file.

4228 Amnesiac the Zephyrmancer (level 10, -1/63 HPs)
             Began as a Mummy Air Elementalist on Aug 11, 2018.
             Was an Initiate of Gozag.
             Slain by Erica
             ... wielding a +4 scimitar of flaming
              (19 damage)
             ... on level 8 of the Dungeon.
             The game lasted 00:23:48 (10415 turns).

Amnesiac the Zephyrmancer (Mummy Air Elementalist) Turns: 10415, Time: 00:23:48

Health: -1/63      AC: -2    Str: 12    XL:     10   Next: 9%
Magic:  5/24       EV: 12    Int: 18    God:    Gozag
Gold:   783        SH:  0    Dex: 11    Spells: 25/29 levels left

rFire    x . .     SeeInvis +   q - +0 scimitar
rCold    + + +     Gourm    .   (no shield)
rNeg     + + +     Faith    .   e - +1 robe {rC+}
rPois    ∞         Spirit   .   (no helmet)
rElec    .         Reflect  .   j - -6 cloak "Teepi" {rC+ Dex-5 Stlth+}
rCorr    .         Harm     .   (no gloves)
MR       +....                  (no boots)
Stlth    +++.......             (no amulet)
HPRegen  0.20/turn              h - ring of see invisible
MPRegen  0.19/turn              g - +4 ring of dexterity

@: very slightly contaminated
A: no food or potions, fire vulnerability, cold resistance 1, negative energy
resistance 3, torment resistance, unbreathing
a: Potion Petition, Call Merchant, Bribe Branch, Renounce Religion


You were on level 8 of the Dungeon.
You worshipped Gozag.
Gozag was pleased with you.
You were not hungry.

You visited 2 branches of the dungeon, and saw 10 of its levels.

You collected 1017 gold pieces.
You paid 234 gold pieces to Gozag.

Inventory:

Hand Weapons
 d - a -3 morningstar
 q - a +0 scimitar (weapon)
Armour
 b - a +0 cloak
 e - a +1 robe of cold resistance (worn)
 j - the -6 cloak "Teepi" (worn) {rC+ Dex-5 Stlth+}
   (You found it on level 9 of the Dungeon)

   It affects your dexterity (-5).
   It protects you from cold.
   It makes you more stealthy.
Jewellery
 a - a +2 ring of protection {unknown}
 g - a +4 ring of dexterity (right hand)
 h - a ring of see invisible (left hand)
Wands
 i - a wand of random effects (6)
 k - a wand of polymorph (5)
Scrolls
 c - 2 scrolls of fog {!r}
 f - a scroll of enchant armour {!r}
 l - 2 scrolls of amnesia {!r}
 n - 4 scrolls of identify {!r}
 o - a scroll of fear {!r}
 p - 3 scrolls of teleportation {!r}
 r - a scroll of blinking {!r}


   Skills:
 - Level 1.5 Dodging
 - Level 1.5 Stealth
 + Level 10.4 Spellcasting
   Level 0.7 Conjurations
 * Level 10.4 Air Magic


You had 25 spell levels left.
You knew the following spells:

 Your Spells              Type           Power        Failure   Level  Hunger
a - Airstrike             Air            #####.....   1%          4    N/A

Your spell library contained the following spells:

 Spells                   Type           Power        Failure   Level  Hunger
 Lightning Bolt           Conj/Air       ####......   22%         5    N/A
 Confuse                  Hex            #.......     22%         3    N/A
 Shock                    Conj/Air       ####         1%          1    N/A
 Swiftness                Chrm/Air       ####....     1%          2    N/A
 Confusing Touch          Hex            #.....       8%          1    N/A
 Metabolic Englaciation   Hex/Ice        #.........   91%         5    N/A
 Static Discharge         Conj/Air       ####....     2%          3    N/A
 Petrify                  Tmut/Erth      #.......     58%         4    N/A
 Gell's Gravitas          Tloc           #.........   22%         3    N/A
 Yara's Violent Unravell  Hex/Tmut       #.........   91%         5    N/A

Dungeon Overview and Level Annotations

Branches:
Dungeon (9/15)             Temple (1/1) D:6            Lair (0/6) D:8
    Orc (0/2) D:9

Altars:
Ashenzari
Cheibriados
Dithmenos
Elyvilon
Fedhas
Gozag
Hepliaklqana
Kikubaaqudgha
Makhleb
Nemelex Xobeh
Okawaru
Qazlal
Ru
Sif Muna
Trog
Uskayaw
Vehumet
Wu Jian
Xom
Yredelemnul
Zin
The Shining One

Shops:
D:7 (

Annotations:
D:8 Erica


Innate Abilities, Weirdness & Mutations

You do not eat or drink.
Your flesh is vulnerable to fire.
You are immune to poison.
Your flesh is cold resistant. (rC+)
You are immune to negative energy. (rN+++)
You are immune to unholy pain and torment.
You can survive without breathing.


Message History

The air twists around and strikes the kobold!
You kill the kobold!
You start resting.
Erica is too close now for your liking.
Erica shouts!
You hear a shout!
You climb upwards.
There is a stone staircase leading down here.
You start resting.
Magic restored.
You start resting.
Magic restored.
You climb downwards.
Level annotation: Erica A big kobold comes into view.
It is wielding a dagger.
There is a stone staircase leading up here.
Casting: Airstrike (safe; 1% risk of failure)
Confirm with . or Enter, or press ? or * to list all spells.
Aiming: Airstrike (safe; 1% risk of failure)
Press: ? - help, Dir - move target cursor, f - Erica
Aim: Erica, wielding a scimitar of flaming and wearing a glowing robe You miscast Airstrike.
You are very lightly contaminated with residual magic.
You hear a whooshing sound.
Casting: Airstrike (safe; 1% risk of failure)
Confirm with . or Enter, or press ? or * to list all spells.
Aiming: Airstrike (safe; 1% risk of failure)
Press: ? - help, Dir - move target cursor, f/p - Erica
Aim: Erica, wielding a scimitar of flaming and wearing a glowing robe The air twists around and strikes Erica!
Erica is lightly wounded.
The centaur shouts!
The centaur wields a shortbow.
The centaur shoots an arrow.
The arrow hits you!
Casting: Airstrike (safe; 1% risk of failure)
Confirm with . or Enter, or press ? or * to list all spells.
Aiming: Airstrike (safe; 1% risk of failure)
Press: ? - help, Dir - move target cursor, f/p - Erica
Aim: Erica, wielding a scimitar of flaming and wearing a glowing robe (lightly wounded)
The air twists around and strikes Erica!
Erica is moderately wounded.
Erica says, "I'm so much better than you."
Casting: Airstrike (safe; 1% risk of failure)
Confirm with . or Enter, or press ? or * to list all spells.
Aiming: Airstrike (safe; 1% risk of failure)
Press: ? - help, Dir - move target cursor, f/p - Erica
Aim: Erica, wielding a scimitar of flaming and wearing a glowing robe (moderately wounded)
The air twists around and strikes Erica!
Erica is heavily wounded.
The centaur shoots an arrow.
The arrow hits you!
Erica hits you with a scimitar of flaming!
* * * LOW HITPOINT WARNING * * *
Erica burns you!
* * * LOW HITPOINT WARNING * * *
You climb upwards.
There is a stone staircase leading down here.
Casting: Airstrike (safe; 1% risk of failure)
Confirm with . or Enter, or press ? or * to list all spells.
Aiming: Airstrike (safe; 1% risk of failure)
Press: ? - help, Dir - move target cursor, f - Erica
Aim: Erica, wielding a scimitar of flaming and wearing a glowing robe (heavily wounded)
The air twists around and strikes Erica!
Erica is severely wounded.
Erica hits you with a scimitar of flaming!!
You die...
Your body crumbles into a pile of gold.

#.....#.........#....
######.....###########....
#........................#
#........................#
#........................#
#........................#
#........................#
#..........###############
#.......@@.# #..........#
#..........# #.........>#
############


You could see Erica.

Vanquished Creatures
  Harold (D:8)
  Sigmund (D:2)
  A yak (D:7)
  A human (D:7)
  3 hogs (D:7)
  2 wargs (D:9)
  A water moccasin (D:9)
  An orc warrior (D:9)
  2 phantoms
  5 ogres
  A centaur (D:9)
  2 bullfrogs
  2 scorpions
  5 killer bees (D:7)
  4 howler monkeys
  An electric eel (D:7)
  3 crimson imps
  A centaur skeleton (D:9)
  Crazy Yiuf (D:3)
  4 orc priests
  4 hounds
  3 jellies
  2 orc wizards (D:5)
  An iguana (D:4)
  Natasha (thrice) (D:3)
  3 worker ants
  A hound zombie (D:8)
  A hound skeleton (D:4)
  6 adders
  A shadow imp (D:6)
  An ooze (D:3)
  3 worms
  A dart slug (D:1)
  5 leopard geckos
  13 orcs
  4 giant cockroaches
  8 goblins
  5 hobgoblins
  7 jackals
  17 kobolds
  3 quokkas
  4 bats
  6 frilled lizards
  A jackal zombie (D:5)
  A quokka zombie (D:7)
  4 rats
150 creatures vanquished.

Notes
Turn   | Place    | Note
-------+----------+-------------------------------------------
     0 | D:1      | Amnesiac the Mummy Air Elementalist began the quest for the Orb.
     0 | D:1      | Reached XP level 1. HP: 13/13 MP: 4/4
   127 | D:1      | Reached XP level 2. HP: 19/19 MP: 0/5
   397 | D:4      | Noticed a scorpion
   416 | D:4      | Killed a scorpion
   416 | D:4      | Reached XP level 3. HP: 13/24 MP: 0/8
   416 | D:4      | Reached XP level 4. HP: 16/30 MP: 0/9
   422 | D:4      | Learned a level 4 spell: Airstrike
   645 | D:4      | Noticed a phantom
   647 | D:5      | Entered Level 5 of the Dungeon
   761 | D:4      | Noticed an ogre
   809 | D:4      | Killed a phantom
   809 | D:4      | Reached XP level 5. HP: 24/35 MP: 0/11
  1375 | D:4      | Noticed an ogre
  1393 | D:4      | Killed an ogre
  1393 | D:4      | Reached XP level 6. HP: 14/41 MP: 3/13
  1633 | D:4      | Reached skill level 5 in Spellcasting
  1633 | D:4      | Reached skill level 5 in Air Magic
  2539 | D:5      | Reached XP level 7. HP: 11/46 MP: 4/15
  4042 | D:6      | Reached XP level 8. HP: 44/52 MP: 11/18
  4343 | D:6      | Found a staircase to the Ecumenical Temple.
  4350 | Temple   | Entered the Ecumenical Temple
  4487 | Temple   | Became a worshipper of Gozag Ym Sagoz the Greedy
  4727 | D:3      | Noticed Natasha
  4729 | D:3      | Found a burning altar of Makhleb.
  4731 | D:3      | Killed Natasha
  5866 | D:2      | Noticed Sigmund
  5881 | D:2      | Killed Sigmund
  6259 | D:3      | Found a runed door.
  6299 | D:3      | Noticed Crazy Yiuf
  6303 | D:3      | Killed Crazy Yiuf
  6489 | D:3      | Noticed Natasha
  6491 | D:3      | Killed Natasha
  6550 | D:3      | Noticed Natasha
  6553 | D:3      | Killed Natasha
  6639 | D:3      | Found a glowing silver altar of Zin.
  6639 | D:3      | Found a burning altar of Makhleb.
  6640 | D:3      | Noticed a blizzard demon
  6640 | D:3      | Noticed an angel
  7265 | D:7      | Found a blossoming altar of Fedhas.
  7318 | D:7      | Found Tastax's Weapon Shop.
  7511 | D:7      | Reached XP level 9. HP: 36/57 MP: 16/21
  8527 | D:8      | Found an ancient bone altar of Kikubaaqudgha.
  8527 | D:8      | Found a sparkling altar of Nemelex Xobeh.
  8791 | D:8      | Found a staircase to the Lair.
  8960 | D:8      | Found a deep blue altar of Sif Muna.
  9113 | D:8      | Noticed Harold
  9312 | D:8      | Killed Harold
  9312 | D:8      | Reached skill level 10 in Spellcasting
  9312 | D:8      | Reached skill level 10 in Air Magic
  9485 | D:9      | Got a translucent cloak
  9527 | D:9      | Found an opulent altar of Gozag.
  9783 | D:9      | Reached XP level 10. HP: 63/63 MP: 19/24
  9788 | D:9      | Found a staircase to the Orcish Mines.
  9892 | D:9      | Found a stormy altar of Qazlal.
 10135 | D:9      | Noticed Erica
 10272 | D:8      | Identified the -6 cloak "Teepi" {rC+ Dex-5 Stlth+} (You found it on level 9 of the Dungeon)
 10415 | D:8      | Slain by Erica

Vault maps used:
D:1:      onia_arrival_larder
D:2:      first_ration, uniq_sigmund
D:3:      grunt_temple_overflow_order_and_chaos_2, bloody_makhleb, uniq_natasha,
          uniq_crazy_yiuf_cottage
D:6:      minmay_temple_entry_glassed_door
D:7:      kennysheep_little_box, serial_shops, shop, grunt_livestock,
          minivault_14
D:8:      lemuel_doored_altar, gammafunk_temple_overflow_elements,
          lair_entry_dummy, kennysheep_generic_room_9, uniq_harold
D:9:      david_orc_3, basic_altar, nicolae_qazlal_style_of_elements, uniq_erica
Temple:   nicolae_temple_elliptical

Skill      XL: |  1  2  3  4  5  6  7  8  9 |
---------------+----------------------------+-----
Air Magic      | 3 4 5 6 8 10 | 10.4
Spellcasting   | 3 4 5 6 8 10 | 10.4
Dodging        | |  1.5
Stealth        | |  1.5
Conjurations   | |  0.7

Action                   |  1- 3 |  4- 6 |  7- 9 | 10-12 || total
-------------------------+-------+-------+-------+-------++-------
Melee: Unarmed           |     2 |     3 |     2 |       ||     7
       Morningstar       |       |       |    24 |       ||    24
 Cast: Shock             |    29 |    77 |    66 |       ||   172
       Airstrike         |       |     2 |   135 |    27 ||   164
Invok: Potion Petition   |       |       |     2 |       ||     2
Evoke: Wand              |       |       |    13 |       ||    13
       Phantom mirror    |       |       |     1 |       ||     1
  Use: Scroll            |       |       |     9 |     1 ||    10
Armor: Robe              |       |    10 |    15 |     1 ||    26
Dodge: Dodged            |    13 |    37 |    72 |       ||   122

Table legend:
 A = Non-vault XP
 B = Vault XP
 C = Vault XP percentage of total XP
 D = Non-vault monster count
 E = Vault monster count
 F = Vault count percentage of total count
 G = Total turns spent on level
                 A         B        C        D         E       F
            +---------+---------+-------+---------+---------+-------
      Total |    3156 |    2885 |  47.8 |     131 |      19 |  12.7
            +---------+---------+-------+---------+---------+-------
        D:1 |      36 |       5 |  12.2 |      18 |       3 |  14.3
        D:2 |     214 |     231 |  51.9 |      24 |       1 |   4.0
        D:3 |     215 |      76 |  26.1 |       9 |       2 |  18.2
        D:4 |     494 |       0 |   0.0 |      21 |       0 |   0.0
        D:5 |     543 |       0 |   0.0 |      11 |       0 |   0.0
        D:6 |     431 |       0 |   0.0 |      23 |       0 |   0.0
        D:7 |     488 |    1000 |  67.2 |      10 |       5 |  33.3
        D:8 |      65 |    1023 |  94.0 |       3 |       1 |  25.0
        D:9 |     670 |     550 |  45.1 |      12 |       7 |  36.8
            +---------+---------+-------+---------+---------+-------
